 Dungeon Crawl Stone Soup version 0.30-a0-355-g4c39ff33d3 (webtiles) character file.

Game seed: 1624436957291521945

284 Harunobu the Trooper (level 6, 0/40 HPs)
             Began as a Gargoyle Monk on Nov 7, 2022.
             Slain by a black bear (5 damage)
             ... on level 5 of the Dungeon on Nov 8, 2022.
             The game lasted 00:05:27 (3320 turns).

Harunobu the Trooper (Gargoyle Monk)                Turns: 3320, Time: 00:05:27

Health: 0/40       AC: 11    Str: 16    XL:     6   Next: 29%
Magic:  6/6        EV: 10    Int: 11    God:
Gold:   130        SH:  0    Dex: 12    Spells: 5/5 levels left

rFire   . . .      SeeInvis .    o - +1 mace (pain)
rCold   . . .      Faith    .    (no shield)
rNeg    + . .      Spirit   .    i - +0 scale mail
rPois   ∞          Reflect  .    (no helmet)
rElec   +          Harm     .    k - +0 cloak
rCorr   .          Rampage  .    (no gloves)
Will    +....                    (no boots)
Stlth   +.........               (no amulet)
HPRegen 0.26/turn                j - ring of willpower
MPRegen 0.10/turn                (no ring)

@: attractive
A: sickness immunity, AC +4, negative energy resistance 1, electricity
resistance, torment resistance 1, petrification resistance
a: no special abilities


You were on level 5 of the Dungeon.
You visited 1 branch of the dungeon, and saw 5 of its levels.

You collected 130 gold pieces.

Inventory:

Hand Weapons
 e - a +0 whip
 o - a +1 mace of pain (weapon)
Armour
 i - a +0 scale mail (worn)
 k - a +0 cloak (worn)
Jewellery
 a - a ring of flight
 j - a ring of willpower (left hand)
Wands
 p - a wand of mindburst (5)
Scrolls
 b - a scroll of teleportation {unknown}
 d - 4 scrolls of blinking {unknown}
 f - a scroll of noise {unknown}
 g - 5 scrolls of identify {unknown}
 h - a scroll of acquirement {unknown}
 l - a scroll of butterflies {unknown}
 m - a scroll of enchant armour {unknown}
 q - a scroll of torment {unknown}
Potions
 c - a potion of ambrosia


   Skills:
 + Level 5.0 Fighting
 - Level 3.0 Maces & Flails
 + Level 3.8 Dodging
 + Level 4.7 Stealth


You had 5 spell levels left.
You didn't know any spells.
Your spell library contained the following spells:

 Spells                   Type           Power      Damage    Failure   Level
 Dispel Undead            Necr           0%         3d6       100%        4
 Death Channel            Necr           0%         N/A       100%        6
 Cigotuvi's Dreadful Rot  Necr/Pois/Air  Unusable   N/A       N/A         2

Dungeon Overview and Level Annotations

Branches:
Dungeon (5/15)
 Temple: D:4-7

Altars:
Gozag
Nemelex Xobeh
Sif Muna
Xom


Innate Abilities, Weirdness & Mutations

You are immune to sickness and miasma.
Your stone body is resilient. (AC +4)
You are immune to poison.
You resist negative energy. (rN+)
You are resistant to electric shocks. (rElec)
You are resistant to unholy torment.
You are immune to petrification.


Message History

The ufetubus barely misses you.
The ufetubus hits you but does no damage.
The orc is attracted toward you. x2; Something is attracted toward you. x3
Something is attracted toward you.
The ufetubus hits you but does no damage.
The ufetubus barely misses you. Something is attracted toward you.
The orc is attracted toward you. x2
The ufetubus hits you but does no damage.
The ufetubus barely misses you. The orc is attracted toward you.
Something is attracted toward you. The ufetubus hits you.
* * * LOW HITPOINT WARNING * * *
The ufetubus barely misses you. The orc is attracted toward you.
The orc is attracted toward you.
The ufetubus hits you but does no damage. x2
The orc is attracted toward you. Something is attracted toward you.
The orc is attracted toward you. x2
The ufetubus attacks as you move away!
The ufetubus hits you but does no damage. x2
The orc is attracted toward you. x2
The ufetubus closely misses you.
The ufetubus hits you but does no damage.
Something is attracted toward you.
There is an escape hatch in the floor here.
You can't go up here!
The ufetubus hits you but does no damage. x2
The ufetubus hits you.
* * * LOW HITPOINT WARNING * * *
The ufetubus barely misses you. The orc is attracted toward you.
You slide downwards.
The hatch slams shut behind you.
Reactivating autopickup.
The black bear is attracted toward you.
Found 9 gold pieces and 6 stones.
The black bear growls angrily.
You hear an angry hiss.
The ufetubus barely misses you.
The ufetubus hits you but does no damage.
The black bear is attracted toward you.
The black bear attacks as you move away!
The black bear bites you.
You die...

#. .# #.# # ..##
#.# .# ....##.#
.# #.#..#.##.#
.#
#.⌠........##..#
...#...........#
#..##h@$.#
#...§.5..#
+...#.#..# #..
#....... #(
.....#### ..
...#..# #.
......# #
....##.# .##.#
.#


You could see a black bear and an ufetubus.

Vanquished Creatures
  A scorpion (D:4)
  A bullfrog zombie (D:4)
  A hound (D:4)
  An iguana (D:4)
  A hound skeleton (D:4)
  2 hound zombies (D:4)
  An adder (D:3)
  An ufetubus (D:3)
  An adder zombie (D:4)
  2 adder skeletons (D:4)
  A worm (D:2)
  5 dart slugs
  An orc (D:3)
  4 endoplasms
  5 giant cockroaches
  3 hobgoblins
  6 kobolds
  5 quokkas
  A ball python (D:3)
  4 bats
  A frilled lizard (D:3)
  4 goblins
  6 rats
  A spectral goblin (D:1)
59 creatures vanquished.

Notes
Turn   | Place    | Note
-------+----------+-------------------------------------------
     0 | D:1      | Harunobu the Gargoyle Monk began the quest for the Orb.
     0 | D:1      | Reached XP level 1. HP: 14/14 MP: 1/1
    54 | D:1      | Reached XP level 2. HP: 19/19 MP: 2/2
   488 | D:1      | Found a faded altar of an unknown god.
   804 | D:2      | Reached XP level 3. HP: 24/24 MP: 3/3
   852 | D:2      | Found a shimmering blue altar of Sif Muna.
  1773 | D:3      | Reached skill level 4 in Fighting
  2095 | D:3      | Found an opulent altar of Gozag.
  2100 | D:3      | Found a sparkling altar of Nemelex Xobeh.
  2101 | D:3      | Found a shimmering altar of Xom.
  2104 | D:3      | Found a shimmering blue altar of Sif Muna.
  2277 | D:3      | Reached XP level 4. HP: 29/29 MP: 4/4
  2704 | D:4      | Noticed a scorpion
  2837 | D:3      | Upgraded the game from 0.30-a0-352-g1e81539c98 to
                  | 0.30-a0-355-g4c39ff33d3
  2870 | D:4      | Killed a scorpion
  2871 | D:4      | Reached XP level 5. HP: 22/34 MP: 5/5
  3144 | D:4      | Reached skill level 5 in Fighting
  3144 | D:4      | Reached XP level 6. HP: 35/40 MP: 6/6
  3318 | D:5      | Entered Level 5 of the Dungeon
  3318 | D:5      | Noticed a black bear
  3320 | D:5      | Slain by a black bear

Illustrated notes

Levels and vault maps discovered:
D:1:      dpeg_arrival_connections, layout_basic,
          dreamdust_ecumenical_altar_drowned_temple
D:2:      layout_basic, basic_altar
D:3:      layout_loops_corners, minitemple
D:4:      layout_basic, serial_undead, serial_undead_f, serial_undead_d,
          serial_undead_a, serial_undead_d
D:5:      layout_loops_ring, gammafunk_temple_overflow_elements,
          evilmike_ruin_ashenzari, temple_fountains

Skill      XL: |  1  2  3  4  5 |
---------------+----------------+-----
Stealth        | 3 4 |  4.7
Fighting       | 4 5 |  5.0
Dodging        | 3 |  3.8
Maces & Flails | |  3.0

Action                   |  1- 3 |  4- 6 || total
-------------------------+-------+-------++-------
Melee: Mace              |     8 |   105 ||   113
       Whip              |   142 |    26 ||   168
       Punch             |     1 |       ||     1
  Use: Potion            |       |     1 ||     1
 Stab: Sleeping          |     1 |       ||     1
Armor: Robe              |     7 |       ||     7
       Scale mail        |    42 |   136 ||   178
Dodge: Dodged            |    70 |   139 ||   209

Table legend: (Time is in decaauts)
 A = Elapsed time spent in this place.
 B = Non-inter-level travel time spent in this place.
 C = Inter-level travel time spent in this place.
 D = Time resting spent in this place.
 E = Time spent auto-exploring this place.
 F = Levels seen in this place.
 G = Mean time per level.
                   A        B        C        D        E       F      G
               +--------+--------+--------+--------+--------+-----+--------+
         Total |   3341 |   3288 |     53 |    909 |   1667 |   5 |  668.2 |
       Dungeon |   3341 |   3288 |     53 |    909 |   1667 |   5 |  668.2 |
               +--------+--------+--------+--------+--------+-----+--------+

Top non-repeatable levels by time:
     D:3: 1183 daAuts
     D:1: 769 daAuts
     D:2: 750 daAuts
     D:4: 636 daAuts
     D:5: 1 daAuts
